 Dungeon Sprint DCSS version 0.28.0-53-g5a82cb258f (webtiles) character file.

Game seed: 7580076696037390676

20814 Zeld the Slayer (level 12, -1/137 HPs)
             Began as a Minotaur Berserker on June 12, 2022.
             Was the Champion of Trog.
             Shot with an arrow by a deep elf master archer (18 damage)
             ... in the Dungeon (Sprint I: "Red Sonja").
             The game lasted 00:09:56 (6740 turns).

Zeld the Slayer (Minotaur Berserker)                Turns: 6740, Time: 00:09:57

Health: -1/137     AC: 20    Str: 27    XL:     12   Next: 48%
Magic:  3/3        EV: 10    Int:  4    God:    Trog [******]
Gold:   1537       SH:  4    Dex: 10    Spells: 11/11 levels left

rFire   + . .      SeeInvis .   a - +3 executioner's axe (antimagic)
rCold   + . .      Faith    .   (shield currently unavailable)
rNeg    . . .      Spirit   .   k - +2 gold dragon scales
rPois   +          Reflect  .   (helmet restricted)
rElec   .          Harm     .   o - +2 cloak
rCorr   .          Rampage  .   (no gloves)
Will    ++...      NoTele   +   (no boots)
Stlth   ..........              (no amulet)
HPRegen 1.32/turn               (no ring)
MPRegen 0.08/turn               (no ring)

@: strong-willed, regenerating, unable to read
A: horns 2, retaliatory headbutt, large bone plates 1, deformed body, sense
surroundings 1, screaming 1, evolution 1, inability to read while threatened
a: Renounce Religion, Berserk, Trog's Hand, Brothers in Arms


You were in the Dungeon.
You worshipped Trog.
Trog was exalted by your worship.
You visited 1 branch You collected 2769 gold pieces.
You spent 1232 gold pieces at shops.

Inventory:

Hand Weapons
 a - a +3 antimagic executioner's axe (weapon)
 m - a +2 great sword of flaming
Armour
 d - a +1 cloak of preservation
 k - +2 gold dragon scales (worn)
 o - a +2 cloak (worn)
Wands
 b - a wand of flame (20)
Scrolls
 l - a scroll of vulnerability {unknown}
 q - a scroll of silence
Potions
 c - 4 potions of curing
 f - 2 potions of magic
 g - a potion of berserk rage
 h - a potion of cancellation {unknown}
 j - a potion of ambrosia
 n - 2 potions of resistance {unknown}
 p - a potion of degeneration {unknown}
 r - a potion of haste
Miscellaneous
 i - a piece from Xom's chessboard (15/15)


   Skills:
 * Level 22.0 Fighting
 - Level 18.0 Axes
 + Level 16.1 Armour
 + Level 14.9 Dodging
 - Level 12.0 Evocations


You had 11 spell levels left.
You didn't know any spells.
Your spell library was empty.

Dungeon Overview and Level Annotations

Branches:
Dungeon (1/1)

Altars:
Cheibriados
Dithmenos
Elyvilon
Fedhas
Gozag
Hepliaklqana
Kikubaaqudgha
Makhleb
Nemelex Xobeh
Okawaru
Qazlal
Ru
Sif Muna
Trog
Uskayaw
Vehumet
Wu Jian
Xom
Yredelemnul
Zin
The Shining One
Jiyva
Lugonu

Shops:
D :[***(?*((!(:[!!*(?[**


Innate Abilities, Weirdness & Mutations

You have a pair of horns on your head.
You reflexively headbutt those who attack you in melee.
You are partially covered in large bone plates. (SH +4)
Armour fits poorly on your strangely shaped body.
You passively map a small area around you.
You occasionally shout uncontrollably at your foes.
You have hidden genetic potential.
You sometimes lose the ability to read scrolls when taking damage.


Message History

[the floor.]
There is an open door here.
A deep elf master archer comes into view.
The deep elf master archer moves out of view.
There is an open door here.
The deep elf master archer shouts!
The deep elf master archer wields a +0 longbow.
The deep elf master archer shoots an arrow.
The arrow completely misses you.
The deep elf master archer shoots an arrow.
The arrow barely misses you.
The deep elf master archer shoots an arrow.
The arrow hits you!
There is an open door, spattered with blood here.
Things that are here:
a +2 great sword of flaming; a ring of wizardry The deep elf master archer shoots an arrow.
The arrow hits you!!
The deep elf master archer shoots an arrow.
The arrow hits you!!!
You feel threatened and lose the ability to read scrolls!
Unknown command.
You are too injured to fight recklessly!
Unknown command.
You are too injured to fight recklessly!
You hit the deep elf master archer.
Your headbutt misses the deep elf master archer.
The deep elf master archer is lightly wounded.
The deep elf master archer shoots an arrow.
The arrow hits you!
The deep elf master archer shoots an arrow.
The arrow hits you!!
* * * LOW HITPOINT WARNING * * *
Unknown command.
Okay, then.
Your skin crawls.
You feel strong-willed.
The deep elf master archer shoots an arrow.
The arrow hits you!!
You die...

################## *
.§§§..'..#..'§.§.# ,
§§§.§##..'..#.§§.## , ,
#.§§#######§#§§§§§#####
*
###'#)(?##.§#§§§§e#...#
,#)##$$$#..##§§@§#(∩.#
*#).###$#..≈###§##...#
* ##§#A#$#..≈ ,#§####'#
, , ,
#.§###$#..≈e##'#.§.§##
#.##..$#..≈##.§.§§.§§##
* #..#'### #..§..§....#
* ##...# ,
##..§§§.§.§§## * ###.#,
#.§....:.....# , #.#
#.....|......# *


You could see a deep elf master archer.

Vanquished Creatures
  A golden dragon (D)
  A shadow dragon (D)
  4 fire giants (D)
  A hydra (D)
  A centaur warrior (D)
  Sonja (D)
  A deep troll (D)
  A lindwurm (D)
  8 shining eyes (D)
  An oklob plant (D)
  A gargoyle (D)
  4 demonic crawlers (D)
  7 unseen horrors (D)
  2 kobold demonologists (D)
  A hornet (D)
  A slime creature (D)
  Sigmund (D)
  13 hogs (D)
  A yak (D)
  2 redbacks (D)
  6 floating eyes (D)
  An ogre (D)
  7 necrophages (D)
  8 jellies (D)
  Ijyb (D)
76 creatures vanquished.

Vanquished Creatures (collateral kills)
  A centaur warrior (D)
1 creature vanquished.

Vanquished Creatures (others)
  2 merfolk sirens (D)
  A gargoyle (D)
  3 hornets (D)
  A floating eye (D)
  2 ballistomycete spores (D)
9 creatures vanquished.

Grand Total: 86 creatures vanquished

Notes
Turn   | Place    | Note
-------+----------+-------------------------------------------
     0 | D        | Zeld the Minotaur Berserker began the quest for the Orb.
     0 | D        | Reached XP level 1. HP: 19/19 MP: 0/0
     1 | D        | Noticed Ijyb
     9 | D        | Killed Ijyb
    10 | D        | Reached skill level 5 in Fighting
    10 | D        | Reached skill level 5 in Axes
    10 | D        | Reached XP level 2. HP: 14/29 MP: 1/1
   325 | D        | Noticed an ogre
   331 | D        | Killed an ogre
   332 | D        | Reached skill level 7 in Fighting
   332 | D        | Reached XP level 3. HP: 12/39 MP: 2/2
   332 | D        | Reached XP level 4. HP: 14/47 MP: 3/3
   664 | D        | Noticed Sigmund
   671 | D        | Killed Sigmund
   671 | D        | Reached ** piety under Trog
   672 | D        | Reached skill level 9 in Fighting
   672 | D        | Reached skill level 5 in Dodging
   672 | D        | Reached XP level 5. HP: 57/57 MP: 4/4
   672 | D        | Reached XP level 6. HP: 63/63 MP: 5/5
   749 | D        | Found a burning altar of Makhleb.
   749 | D        | Found a viscous altar of Jiyva.
   749 | D        | Found a shimmering altar of Xom.
   749 | D        | Found a corrupted altar of Lugonu.
   749 | D        | Noticed a slime creature
   756 | D        | Killed a slime creature
   757 | D        | Reached skill level 10 in Fighting
   757 | D        | Reached skill level 10 in Axes
   998 | D        | Found an ornate altar of the Wu Jian Council.
   998 | D        | Found a shimmering blue altar of Sif Muna.
  1000 | D        | Found a radiant altar of Vehumet.
  1081 | D        | Found Afreor's General Store.
  1081 | D        | Found an ancient bone altar of Kikubaaqudgha.
  1081 | D        | Found a hazy altar of Hepliaklqana.
  1081 | D        | Found a stormy altar of Qazlal.
  1081 | D        | Found a hide-covered altar of Uskayaw.
  1081 | D        | Found a blossoming altar of Fedhas.
  1081 | D        | Found a bloodstained altar of Trog.
  1081 | D        | Found an iron altar of Okawaru.
  1081 | D        | Found a basalt altar of Yredelemnul.
  1081 | D        | Found a glowing golden altar of the Shining One.
  1081 | D        | Found a snail-covered altar of Cheibriados.
  1081 | D        | Found a sacrificial altar of Ru.
  1081 | D        | Found a glowing silver altar of Zin.
  1081 | D        | Found a shadowy altar of Dithmenos.
  1081 | D        | Found a white marble altar of Elyvilon.
  1081 | D        | Noticed a yak
  1084 | D        | Killed a yak
  1085 | D        | Reached XP level 7. HP: 73/73 MP: 6/6
  1085 | D        | Found an opulent altar of Gozag.
  1086 | D        | Found a sparkling altar of Nemelex Xobeh.
  1298 | D        | Bought a wand of flame (20) for 132 gold pieces
  1300 | D        | Killed a gargoyle
  1394 | D        | Noticed a kobold demonologist
  1395 | D        | Noticed a kobold demonologist
  1397 | D        | Noticed a sun demon
  1400 | D        | Reached skill level 11 in Fighting
  1400 | D        | Reached skill level 5 in Evocations
  1405 | D        | Killed a kobold demonologist
  1405 | D        | Reached *** piety under Trog
  1408 | D        | Killed a kobold demonologist
  1409 | D        | Reached skill level 12 in Fighting
  1409 | D        | Reached XP level 8. HP: 69/83 MP: 7/7
  1783 | D        | Noticed Sonja
  1785 | D        | Killed Sonja
  1785 | D        | Reached **** piety under Trog
  1786 | D        | Reached skill level 13 in Fighting
  2122 | D        | Noticed a deep troll
  2135 | D        | Killed a deep troll
  2136 | D        | Reached skill level 10 in Armour
  2136 | D        | Reached XP level 9. HP: 92/94 MP: 8/8
  2171 | D        | Found Tyll's Armour Emporium.
  2248 | D        | Bought a scroll of acquirement for 624 gold pieces
  2248 | D        | Bought a scroll of identify for 24 gold pieces
  2248 | D        | Bought a scroll of identify for 24 gold pieces
  2249 | D        | Acquired +2 gold dragon scales
  2330 | D        | Found Qiaguryll's Book Boutique.
  2382 | D        | Noticed a demonic crawler
  2382 | D        | Noticed a demonic crawler
  2382 | D        | Noticed a demonic crawler
  2382 | D        | Noticed a demonic crawler
  2391 | D        | Noticed a gargoyle
  2392 | D        | Killed a demonic crawler
  2393 | D        | Reached skill level 14 in Fighting
  2394 | D        | Killed a demonic crawler
  2404 | D        | Killed a gargoyle
  2420 | D        | Noticed a centaur warrior
  2426 | D        | Noticed a centaur warrior
  2435 | D        | Killed a demonic crawler
  2442 | D        | Killed a demonic crawler
  2443 | D        | Reached skill level 15 in Fighting
  2443 | D        | Reached skill level 15 in Axes
  2443 | D        | Reached skill level 10 in Dodging
  2452 | D        | Killed a centaur warrior
  2453 | D        | Reached XP level 10. HP: 27/106 MP: 9/9
  2457 | D        | Killed a centaur warrior
  2737 | D        | Reached skill level 16 in Fighting
  2910 | D        | Noticed an oklob plant
  2916 | D        | Killed an oklob plant
  3205 | D        | Noticed a lindwurm
  3227 | D        | Killed a lindwurm
  3535 | D        | Reached ***** piety under Trog
  3560 | D        | Reached skill level 17 in Fighting
  3567 | D        | Received a gift from Trog
  3587 | D        | Reached XP level 11. HP: 70/117 MP: 10/10
  3729 | D        | Noticed a daeva
  3760 | D        | Received a gift from Trog
  4179 | D        | Bought a +1 cloak of preservation for 181 gold pieces
  4211 | D        | Noticed a shining eye
  4211 | D        | Noticed a shining eye
  4211 | D        | Noticed a shining eye
  4212 | D        | Noticed a shining eye
  4212 | D        | Noticed a shining eye
  4212 | D        | Noticed a shining eye
  4212 | D        | Gained mutation: Armour fits poorly on your strangely
                  | shaped body. [a shining eye]
  4212 | D        | Gained mutation: You sometimes lose the ability to read
                  | scrolls when taking damage. [a shining eye]
  4214 | D        | Gained mutation: You occasionally shout uncontrollably at
                  | your foes. [a shining eye]
  4219 | D        | Gained mutation: You passively map a small area around you.
                  | [a shining eye]
  4221 | D        | Killed a shining eye
  4221 | D        | Reached ****** piety under Trog
  4222 | D        | Reached skill level 18 in Fighting
  4222 | D        | Killed a shining eye
  4224 | D        | Killed a shining eye
  4224 | D        | Received a gift from Trog
  4225 | D        | Reached skill level 10 in Evocations
  4225 | D        | Killed a shining eye
  4228 | D        | Killed a shining eye
  4231 | D        | Killed a shining eye
  4234 | D        | Noticed a shining eye
  4234 | D        | Noticed a shining eye
  4234 | D        | Gained mutation: You have hidden genetic potential. [a
                  | shining eye]
  4235 | D        | Paralysed by a floating eye for 4 turns
  4243 | D        | Killed a shining eye
  4244 | D        | Reached skill level 19 in Fighting
  4244 | D        | Killed a shining eye
  4251 | D        | Found Bauck's Antique Armour Shoppe.
  4251 | D        | Found Asiupsasucs's General Store.
  4251 | D        | Found Pejom's General Store.
  4251 | D        | Found Abewnuy's Weapon Boutique.
  4255 | D        | Bought a heavily runed leather armour for 175 gold pieces
  4255 | D        | Identified the +3 leather armour of the Komodo Dragon
                  | {Rampage} (You bought it in a shop in the Dungeon)
  4327 | D        | Received a gift from Trog
  4493 | D        | Received a gift from Trog
  4793 | D        | Found Tuchoad's General Store.
  4793 | D        | Found Afivesk's Magic Scroll Shop.
  4793 | D        | Found Nadwihua's Antique Weapon Boutique.
  4795 | D        | Found Xyano's Weapon Emporium.
  4795 | D        | Found Taetam's Distillery.
  4795 | D        | Found Eclew's Weapon Shoppe.
  4795 | D        | Found Mass's Book Boutique.
  4795 | D        | Found Kuugga Demo's Antique Armour Emporium.
  4795 | D        | Found Etay's Distillery.
  4795 | D        | Found Deywkib's Distillery.
  4800 | D        | Found Dugiv's General Store.
  4801 | D        | Found Lepnuec's Magic Scroll Emporium.
  4801 | D        | Found Kaptink's Antique Weapon Boutique.
  4802 | D        | Found Vimirerph's Assorted Antiques.
  5252 | D        | Noticed a fire giant
  5263 | D        | Killed a fire giant
  5264 | D        | Reached skill level 20 in Fighting
  5270 | D        | Noticed a fire giant
  5292 | D        | Killed a fire giant
  5293 | D        | Reached skill level 15 in Armour
  5293 | D        | Reached XP level 12. HP: 101/134 MP: 3/11
  5311 | D        | Noticed a fire giant
  5537 | D        | Noticed a 12-headed hydra
  5541 | D        | Killed a ten-headed hydra
  5796 | D        | Noticed a shadow dragon
  5814 | D        | Noticed a fire giant
  5822 | D        | Killed a fire giant
  5822 | D        | Received a gift from Trog
  6364 | D        | Noticed a deep elf annihilator
  6375 | D        | Noticed a golden dragon
  6392 | D        | Killed a shadow dragon
  6393 | D        | Reached skill level 21 in Fighting
  6407 | D        | Killed a golden dragon
  6411 | D        | Gained mutation: You are partially covered in large bone
                  | plates. (SH +4) [hidden potential]
  6516 | D        | Killed a fire giant
  6517 | D        | Reached skill level 22 in Fighting
  6696 | D        | Found Woung's Assorted Antiques.
  6728 | D        | Bought a potion of curing for 72 gold pieces
  6734 | D        | Noticed a deep elf master archer
  6740 | D        | Shot with an arrow by a deep elf master archer

Illustrated notes

Levels and vault maps discovered:
D:        dungeon_sprint_1 [red_sonja_temple_1, red_sonja_temple_small_1]

Skill      XL: |  1  2  3  4  5  6  7  8  9 10 11 12 |
---------------+-------------------------------------+-----
Fighting       | 5 7 9 10 12 13 15 17 20 22 | 22.0
Axes           | 5 7 8 10 12 13 15 17 18 | 18.0
Armour         | 3 4 6 7 8 10 11 12 15 16 | 16.1
Dodging        | 3 4 5 6 8 9 10 11 13 14 | 14.9
Evocations     | 2 3 4 5 7 8 9 11 12 | 12.0

Action                   |  1- 3 |  4- 6 |  7- 9 | 10-12 || total
-------------------------+-------+-------+-------+-------++-------
Melee: Hand axe          |    10 |    16 |    49 |   121 ||   196
       Headbutt          |     1 |     6 |    12 |    49 ||    68
       Executioner's axe |       |       |       |    94 ||    94
       Punch             |       |       |       |     1 ||     1
       Great sword       |       |       |       |     2 ||     2
Invok: Berserk           |     2 |     3 |     4 |     8 ||    17
       Brothers in Arms  |       |       |     2 |     1 ||     3
       Trog's Hand       |       |       |     2 |     1 ||     3
Evoke: Wand              |       |       |    10 |       ||    10
  Use: Potion            |       |       |     4 |       ||     4
       Scroll            |       |       |     2 |     5 ||     7
Armor: Ring mail         |       |       |     6 |       ||     6
       Gold dragon scale |       |       |    58 |   181 ||   239
Dodge: Dodged            |     4 |     7 |    40 |    62 ||   113
